 Dungeon Crawl Stone Soup version 0.22.1-1-ga44c0e5 (webtiles) character file.

22 MalarOregon the Cudgeler (level 2, -4/26 HPs)
             Began as a Minotaur Berserker on Sept 23, 2018.
             Was a Follower of Trog.
             Slain by a kobold
             ... wielding a +0 dagger of electrocution
              (14 damage)
             ... on level 2 of the Dungeon.
             The game lasted 00:01:02 (730 turns).

MalarOregon the Cudgeler (Minotaur Berserker)        Turns: 730, Time: 00:01:03

Health: -4/26      AC:  2    Str: 21    XL:     2   Next: 68%
Magic:  1/1        EV: 12    Int:  4    God:    Trog [*.....]
Gold:   57         SH:  0    Dex:  9    Spells: 1/1 levels left

rFire    . . .     SeeInvis .   a - +0 mace
rCold    . . .     Gourm    .   (no shield)
rNeg     . . .     Faith    .   b - +0 animal skin
rPois    .         Spirit   .   (helmet restricted)
rElec    .         Reflect  .   (no cloak)
rCorr    .         Harm     .   (no gloves)
MR       .....                  (no boots)
Stlth    +.........             (no amulet)
HPRegen  0.08/turn              (no ring)
MPRegen  0.07/turn              (no ring)

@: no status effects
A: retaliatory headbutt, horns 2
a: Berserk, Renounce Religion


You were on level 2 of the Dungeon.
You worshipped Trog.
Trog was aware of your devotion.
You were not hungry.

You visited 1 branch of the dungeon, and saw 2 of its levels.

You collected 57 gold pieces.

Inventory:

Hand Weapons
 a - a +0 mace (weapon)
Armour
 b - a +0 animal skin (worn)
Potions
 c - 2 potions of flight {unknown}
 d - a potion of cancellation {unknown}
 h - 2 potions of might {unknown}
 j - 2 potions of curing {unknown}
 m - a potion of haste {@q3}
Comestibles
 e - 4 rations {!d}


   Skills:
 - Level 3.6 Fighting
 * Level 4.5 Maces & Flails
 + Level 3.0 Armour
 - Level 2.1 Dodging


You had one spell level left.
You didn't know any spells.
Your spell library was empty.

Dungeon Overview and Level Annotations

Branches:
Dungeon (2/15)

Altars:


Innate Abilities, Weirdness & Mutations

You reflexively headbutt those who attack you in melee.
You have a pair of horns on your head.


Message History

Done exploring.
Done exploring.
Done exploring.
Done exploring.
There is a stone staircase leading down here.
You climb downwards.
There is a stone staircase leading up here.
As you read the scroll labeled ASI MAHUDEFUSS, it crumbles to dust.
You hear a very strange noise indeed.
It was a scroll of random uselessness.
As you read the scroll labeled NENKUAKKEN, it crumbles to dust.
It is a scroll of identify.
m - a potion of haste
As you read the scroll of identify {@r1}, it crumbles to dust.
k - a potion of degeneration Drop what? 11/52 slots (_ for help) (? for menu, Esc to quit)
You drop a potion of degeneration {!q}.
There is a stone staircase leading up here.
As you read the scroll labeled QUSAKKU YGADD, it crumbles to dust.
The scroll dissolves into smoke.
It was a scroll of fog.
As you read the scroll labeled ZACLIAVIGI, it crumbles to dust.
You feel blessed for a moment.
It was a scroll of remove curse.
A goblin comes into view. It is wielding a dagger.
The goblin shouts!
You hear a shout!
A goblin is nearby!
A goblin is nearby!
The goblin hits you with a dagger.
You hit the goblin.
You kill the goblin!
Trog accepts your kill.
A kobold comes into view.
It is wielding a dagger of electrocution.
Things that are here:
a dagger; a goblin corpse A jackal comes into view.
There are monsters nearby!
The jackal barks!
You hit the kobold. Your headbutt misses the kobold.
You hear an angry hiss.
The kobold hits you but does no damage. x2
You closely miss the kobold.
An adder comes into view.
The kobold hits you but does no damage.
You are electrocuted!
* * * LOW HITPOINT WARNING * * *
You completely miss the kobold.
The adder hisses angrily.
Your headbutt misses the kobold. The kobold hits you but does no damage.
You are electrocuted!
Ouch! That really hurt!
You die...

..# .S# ...
###.# .... #
.h##### #.
#K....#
#.##@###
#......#
#.##)#...#
.#####.#####
#...........#
#######.###.#
#.# #.#
#§###.#
##§§§..###


You could see an adder, a jackal and a kobold.

Vanquished Creatures
  2 dart slugs (D:1)
  A leopard gecko (D:1)
  A ball python (D:1)
  2 goblins
  A hobgoblin (D:1)
  4 jackals (D:1)
  2 kobolds (D:1)
  A rat (D:1)
14 creatures vanquished.

Notes
Turn   | Place    | Note
-------+----------+-------------------------------------------
     0 | D:1      | MalarOregon the Minotaur Berserker began the quest for the
                  | Orb.
     0 | D:1      | Reached XP level 1. HP: 19/19 MP: 0/0
   187 | D:1      | Reached skill level 4 in Maces & Flails
   193 | D:1      | Reached XP level 2. HP: 21/26 MP: 1/1
   730 | D:2      | Slain by a kobold

Skill      XL: |  1  2 |
---------------+-------+-----
Maces & Flails | 4 |  4.5
Armour         | 3 |  3.0
Fighting       | |  3.6
Dodging        | |  2.1

Action                   || total
-------------------------++-------
Melee: Mace              ||    27
       Headbutt          ||     3
  Use: Scroll            ||     5
Armor: Animal skin       ||     6
Dodge: Dodged            ||    22
